 Dungeon Crawl Stone Soup version 0.27.0-1-g7a089689b8 (webtiles) character file.

Game seed: 11306610996551413299

25694 Delamore the Unseen (level 13, -3/92 HPs)
             Began as an Octopode Brigand on Aug 10, 2021.
             Was an Initiate of Gozag.
             Engulfed by a frost giant's freezing vapour (18 damage)
             ... in an ice cave.
             The game lasted 00:20:31 (13132 turns).

Delamore the Unseen (Octopode Brigand)             Turns: 13132, Time: 00:20:31

Health: -3/92      AC:  5    Str: 10    XL:     13   Next: 21%
Magic:  13/13      EV: 24    Int: 14    God:    Gozag
Gold:   118        SH:  0    Dex: 28    Spells: 12/12 levels left

rFire    . . .     SeeInvis .   p - +4 dagger "Tinul" {vamp, Dex+4}
rCold    . . .     Faith    .   (no shield)
rNeg     . . .     Spirit   .   (helmet restricted)
rPois    +         Reflect  .   C - amulet of regeneration
rElec    .         Harm     .   j - +4 ring of protection
rCorr    +         Rampage  .   m - +6 ring of dexterity
Will     +....                  y - ring of willpower
Stlth    +++++++++.             F - ring of poison resistance
HPRegen  1.25/turn              G - ring of flight
MPRegen  0.13/turn              K - ring of resist corrosion
                                (no ring)
                                (no ring)

@: brilliant, gold aura, flying
A: almost no armour, amphibious, 8 rings, camouflage 1, gelatinous body 1,
nimble swimmer 1, tentacles
a: Renounce Religion, Potion Petition, Call Merchant, Bribe Branch


You were in an ice cave.
You worshipped Gozag.
Gozag was aware of your devotion.
You visited 3 branches of the dungeon, and saw 14 of its levels.
You also visited: Ice Cave.

You collected 2236 gold pieces.
You paid 2118 gold pieces to Gozag.

Inventory:

Hand Weapons
 a - a +3 dagger
 e - a +1 dagger of holy wrath
 p - the +4 dagger "Tinul" (weapon) {vamp, Dex+4}
   (You found it on level 5 of the Dungeon)

   It occasionally heals its wielder for a portion of the damage dealt when it
   wounds a living foe.
   Dex:       It affects your dexterity (+4).
 w - a +3 rapier of electrocution
Missiles
 b - 27 poisoned darts (quivered)
 n - 18 boomerangs
 t - 5 atropa-tipped darts
Jewellery
 d - an amulet of reflection
 j - a +4 ring of protection (left tentacle)
 m - a +6 ring of dexterity (right tentacle)
 y - a ring of willpower (on tentacle)
 C - an amulet of regeneration (around mantle)
 E - an amulet of guardian spirit
 F - a ring of poison resistance (on tentacle)
 G - a ring of flight (on tentacle)
 K - a ring of resist corrosion (on tentacle)
Wands
 J - a wand of iceblast (7)
 L - a wand of paralysis (7)
 M - a wand of flame (34)
Scrolls
 g - 5 scrolls of fear
 h - 4 scrolls of immolation
 l - a scroll of magic mapping
 u - a scroll of silence
 x - 3 scrolls of enchant weapon
 D - 2 scrolls of enchant armour
 I - a scroll of amnesia
 N - a scroll of fog
 O - a scroll of summoning
Potions
 c - a potion of magic {unknown}
 f - a potion of cancellation
 i - a potion of brilliance {unknown}
 k - 2 potions of curing
 o - a potion of experience {unknown}
 q - 2 potions of attraction
 r - 2 potions of might {unknown}
 s - 3 potions of degeneration
 v - 3 potions of flight
 z - 6 potions of haste
 A - 2 potions of resistance {unknown}
 B - a potion of ambrosia {unknown}
 H - a potion of lignification {unknown}
 P - a potion of heal wounds {unknown}


   Skills:
 - Level 10.0 Fighting
 - Level 10.0 Short Blades
 + Level 7.6 Throwing
 + Level 10.9 Dodging
 - Level 15.0 Stealth
 - Level 5.0 Evocations


You had 12 spell levels left.
You didn't know any spells.
Your spell library contained the following spells:

 Spells                   Type           Power      Damage    Failure   Level
 Animate Skeleton         Necr           0%         N/A       28%         1
 Pain                     Necr           0%         1d4       28%         1
 Dazzling Flash           Conj/Hex       0%         N/A       65%         3
 Vampiric Draining        Necr           0%         2d6       65%         3
 Agony                    Necr           0%         N/A       100%        5
 Blade Hands              Tmut           0%         N/A       100%        5
 Irradiate                Conj/Tmut      0%         3d14      100%        5
 Silence                  Hex/Air        0%         N/A       100%        5
 Dragon Form              Tmut           0%         N/A       100%        7


Dungeon Overview and Level Annotations

Branches:
Dungeon (8/15)             Temple (1/1) D:6            Lair (5/6) D:8
 Shoals (0/4) Lair:2       Spider (0/4) Lair:2        IceCv (1/1)
  Slime: Lair:5-6

Altars:
Cheibriados
Dithmenos
Elyvilon
Fedhas
Gozag
Hepliaklqana
Kikubaaqudgha
Makhleb
Nemelex Xobeh
Okawaru
Qazlal
Ru
Sif Muna
Uskayaw
Vehumet
Wu Jian
Xom
Yredelemnul
Zin
The Shining One

Shops:
D:3 (   D:6 =   D:8 (


Innate Abilities, Weirdness & Mutations

You cannot wear most types of armour.
You are amphibious.
You can wear up to eight rings at the same time.
Your skin changes colour to match your surroundings (Stealth+).
Your rubbery body absorbs attacks. (AC +1, EV +1)
You are camouflaged near water. (Stealth+)
You have tentacles for arms and can constrict up to eight enemies at once.


Message History

You hit the frost giant but do no damage.
The frost giant is lightly wounded.
The frost giant hits you with a +1 battleaxe of freezing!
The frost giant freezes you.
You hit the frost giant but do no damage.
The frost giant is lightly wounded.
You hit the frost giant but do no damage.
You squeeze the frost giant.
The frost giant is lightly wounded.
The frost giant hits you with a +1 battleaxe of freezing!!
The frost giant freezes you!
Aiming: Paralyse
Press: ? - help, Shift-Dir - straight line, f - frost giant
Aim: a frost giant, wielding a +1 battleaxe of freezing (water, lightly wounded, chance to affect: 14%)
Okay, then. [a] - 728 gold - lignification, might, resistance, curing and magic [b] - 230 gold - haste [c] - 420 gold - brilliance, magic, heal wounds and curing Purchase which effect?
You no longer have enough gold to petition Gozag for potion effects.
You feel clever all of a sudden. Magic courses through your body.
You feel much better.
You feel better.
The frost giant points at you and mumbles some strange words.
The bolt of cold misses you.
You hit the frost giant but do no damage.
The frost giant is lightly wounded.
You are engulfed in freezing vapours.
You hit the frost giant but do no damage.
The frost giant is lightly wounded.
You are engulfed in freezing vapours.
The frost giant hits you with a +1 battleaxe of freezing!!
* * * LOW HITPOINT WARNING * * *
The frost giant freezes you!
* * * LOW HITPOINT WARNING * * *
Aiming: Paralyse
Press: ? - help, Shift-Dir - straight line, f - rime drake
Aim: a rime drake (water, chance to affect: 61%)
The rime drake suddenly stops moving!
You are engulfed in freezing vapours.
You die...
Your body crumbles into a pile of gold.

$ ...# $ ...# $#..# $#..# .
##..# ...###...###
..(..(.h.#≈# ...((.(k##≈##
#### .....Y.#$#@≈# ##..##
####
.......#≈Ck≈###.#..###..###
#.....##≈≈≈≈.#...#..#.#..#.
#....# #≈≈#.#..####....#..#
##... #####.### ########.
##. ### ## ## # ####


You could see a frost giant and a rime drake (paralysed).

Vanquished Creatures
  2 hydras
  A catoblepas (Lair:4)
  A boulder beetle (Lair:4)
  8 death yaks
  An ugly thing (IceCv)
  Pikel (D:6)
  Joseph (D:7)
  2 black mambas
  4 rime drakes
  6 komodo dragons
  5 cane toads
  5 polar bears
  5 blink frogs (Lair:1)
  2 redbacks (Lair:2)
  4 wyverns
  26 yaks
  A basilisk (Lair:1)
  Menkaure (D:5)
  5 water moccasins
  Duvessa (D:7)
  An ice beast (D:5)
  2 sky beasts (D:6)
  An orc warrior (D:8)
  A necrophage (D:7)
  A hornet zombie (D:7)
  17 wolves
  A centaur (D:8)
  2 ogres
  2 black bears
  3 kobold brigands
  9 bullfrogs
  A wyvern zombie (D:6)
  2 scorpions (D:6)
  A water moccasin zombie (D:7)
  Dowan (D:7)
  3 killer bees (D:8)
  2 wights (D:7)
  3 bullfrog zombies
  2 centaur zombies (D:7)
  A human zombie (D:7)
  A hound (D:6)
  3 jellies
  4 orc priests
  5 centaur skeletons
  Jessica (D:3)
  Terence (D:3)
  4 orc wizards
  4 iguanas
  3 howler monkey zombies
  4 gnolls (D:2)
  7 adders
  A shadow imp (D:6)
  15 white imps
  An ufetubus (D:5)
  5 dart slugs
  2 worms
  11 orcs
  7 bats
  10 endoplasms
  5 giant cockroaches
  5 goblins
  12 hobgoblins
  8 jackals
  22 kobolds
  6 quokkas
  2 ball pythons
  4 frilled lizards
  A jackal skeleton (D:4)
  4 rats
296 creatures vanquished.

Vanquished Creatures (others)
  Grinder (D:5)
  12 fungi
  6 plants
19 creatures vanquished.

Grand Total: 315 creatures vanquished

Notes
Turn   | Place    | Note
-------+----------+-------------------------------------------
     0 | D:1      | Delamore the Octopode Brigand began the quest for the Orb.
     0 | D:1      | Reached XP level 1. HP: 14/14 MP: 1/1
   272 | D:1      | Reached XP level 2. HP: 19/19 MP: 2/2
   664 | D:1      | Reached XP level 3. HP: 18/25 MP: 3/3
  1623 | D:2      | Reached XP level 4. HP: 25/30 MP: 4/4
  2216 | D:2      | Found a faded altar of an unknown god.
  2469 | D:3      | Reached XP level 5. HP: 36/36 MP: 5/5
  2603 | D:3      | Noticed Terence
  2606 | D:3      | Killed Terence
  2763 | D:3      | Found a sparkling altar of Nemelex Xobeh.
  2873 | D:3      | Noticed Jessica
  2876 | D:3      | Killed Jessica
  2950 | D:3      | Found Ydopnuc's Antique Weapon Shoppe.
  3474 | D:4      | Noticed an ogre
  4145 | D:5      | Entered Level 5 of the Dungeon
  4160 | D:5      | Noticed a black bear
  4165 | D:5      | Reached XP level 6. HP: 42/42 MP: 6/6
  4169 | D:5      | Killed a black bear
  4266 | D:5      | Found a snail-covered altar of Cheibriados.
  4288 | D:5      | Reached skill level 5 in Short Blades
  4480 | D:5      | Identified the +4 dagger "Tinul" {vamp, Dex+4}
  4496 | D:5      | Found a radiant altar of Vehumet.
  4518 | D:5      | Reached XP level 7. HP: 47/47 MP: 7/7
  4571 | D:5      | Noticed Grinder
  4583 | D:5      | Killed Grinder
  4870 | D:5      | Noticed Menkaure
  4872 | D:5      | Killed Menkaure
  5171 | D:6      | Reached XP level 8. HP: 54/54 MP: 8/8
  5188 | D:6      | Found a white marble altar of Elyvilon.
  5358 | D:6      | Noticed a yak
  5363 | D:6      | Noticed a yak
  5363 | D:6      | Noticed a yak
  5364 | D:6      | Noticed a yak
  5364 | D:6      | Noticed a yak
  5366 | D:6      | Noticed a yak
  5389 | D:6      | Killed a yak
  5401 | D:6      | Killed a yak
  5402 | D:6      | Reached skill level 5 in Fighting
  5438 | D:5      | Killed a yak
  5439 | D:5      | Reached skill level 5 in Dodging
  5729 | D:6      | Found a staircase to the Ecumenical Temple.
  5745 | Temple   | Entered the Ecumenical Temple
  5803 | Temple   | Became a worshipper of Gozag Ym Sagoz the Greedy
  5846 | D:6      | Found Luqeruga's Jewellery Boutique.
  5882 | D:6      | Found a glowing golden altar of the Shining One.
  6132 | D:6      | Killed a yak
  6139 | D:6      | Killed a yak
  6140 | D:6      | Reached XP level 9. HP: 41/61 MP: 9/9
  6347 | D:6      | Noticed Pikel
  6365 | D:6      | Killed Pikel
  6366 | D:6      | Reached skill level 10 in Short Blades
  6366 | D:6      | Reached skill level 6 in Stealth
  6366 | D:6      | Reached skill level 1 in Evocations
  6460 | D:6      | Found a shadowy altar of Dithmenos.
  6785 | D:6      | Reached skill level 7 in Stealth
  7160 | D:7      | Noticed Dowan
  7161 | D:7      | Noticed Duvessa
  7166 | D:7      | Killed Dowan
  7178 | D:7      | Killed Duvessa
  7641 | D:7      | Noticed Joseph
  7658 | D:7      | Killed Joseph
  7659 | D:7      | Reached skill level 8 in Stealth
  7659 | D:7      | Reached XP level 10. HP: 49/66 MP: 10/10
  8434 | D:7      | Reached skill level 5 in Throwing
  8475 | D:7      | Reached skill level 5 in Evocations
  8505 | D:7      | Found a basalt altar of Yredelemnul.
  8514 | D:7      | Reached skill level 9 in Stealth
  8668 | D:8      | Reached skill level 10 in Stealth
  9280 | D:8      | Found a staircase to the Lair.
  9394 | Lair:1   | Entered Level 1 of the Lair of Beasts
  9498 | Lair:1   | Reached XP level 11. HP: 42/74 MP: 11/11
  9775 | Lair:1   | Reached skill level 11 in Stealth
  9897 | Lair:1   | Noticed a five-headed hydra
  9905 | Lair:1   | Killed a five-headed hydra
 10486 | Lair:2   | Reached skill level 12 in Stealth
 10561 | Lair:2   | Found a hole to the Spider Nest.
 10665 | Lair:2   | Noticed a seven-headed hydra
 10744 | Lair:2   | Killed a seven-headed hydra
 10745 | Lair:2   | Reached XP level 12. HP: 79/84 MP: 12/12
 10788 | Lair:2   | Found a staircase to the Shoals.
 11129 | Lair:3   | Noticed a death yak
 11134 | Lair:3   | Noticed a death yak
 11134 | Lair:3   | Noticed a death yak
 11134 | Lair:3   | Noticed a death yak
 11135 | Lair:3   | Noticed a death yak
 11141 | Lair:3   | Noticed a death yak
 11336 | Lair:2   | Killed a death yak
 11448 | Lair:3   | Reached skill level 13 in Stealth
 11674 | Lair:2   | Killed a death yak
 11843 | Lair:2   | Killed a death yak
 11916 | Lair:2   | Killed a death yak
 11995 | Lair:2   | Killed a death yak
 12284 | Lair:3   | Killed a death yak
 12454 | Lair:3   | Reached skill level 10 in Fighting
 12454 | Lair:3   | Reached skill level 14 in Stealth
 12513 | Lair:3   | You are sucked into a shaft and drop 2 floors!
 12520 | Lair:4   | Reached skill level 10 in Dodging
 12591 | Lair:4   | Noticed a death yak
 12592 | Lair:4   | Noticed a death yak
 12592 | Lair:4   | Noticed a death yak
 12594 | Lair:4   | Noticed a death yak
 12655 | Lair:4   | Noticed a catoblepas
 12691 | Lair:4   | Killed a catoblepas
 12718 | Lair:4   | Found a frozen archway.
 12727 | Lair:4   | Noticed a boulder beetle
 12742 | Lair:4   | Killed a boulder beetle
 12763 | IceCv    | Entered an ice cave
 12814 | IceCv    | Reached XP level 13. HP: 60/92 MP: 13/13
 12967 | IceCv    | HP: 1/92 [death yak (26)]
 13076 | IceCv    | Noticed a frost giant
 13088 | IceCv    | Reached skill level 15 in Stealth
 13132 | IceCv    | Engulfed by a frost giant's freezing vapour

Illustrated notes

Levels and vault maps discovered:
D:1:      tarquinn_simple_flora_water_e, layout_loops_ring
D:2:      layout_basic, hellmonk_ecumenical_altar_leap_of_faith,
          minmay_tromino_i4
D:3:      layout_loops_ring, mainiacjoe_overflow_boulevard, serial_shops,
          shop_fountains, uniq_jessica, uniq_terence
D:4:      layout_basic
D:5:      layout_loops_cross, fiery_altar_vehumet, cheibriados_altar_1,
          uniq_grinder, uniq_menkaure
D:6:      layout_basic, grunt_dithmenos_shadows, lemuel_crystal_altar,
          nicolae_elyvilon_peaceful_grove, minmay_temple_entry_glassed_door,
          serial_shops, nicolae_square_shop, nrook_mini_backslash, minmay_puff,
          uniq_pikel
D:7:      layout_basic, lemuel_mausoleum_altar_yredelemnul, uniq_duvessa,
          uniq_joseph
D:8:      layout_basic, grunt_lair_entry_orc_guard_hut
Temple:   regret_index_temple_waves
Lair:1:   layout_small_grid, infiniplex_staircase_pool
Lair:2:   layout_cave_shapes, elwin_shoals_entry_rocks, spider_nest_entry_webs
Lair:3:   minmay_guarded_unrand_snakebite, layout_concentric_octagons,
          nzn_sisyphean_effort
Lair:4:   layout_cave_pods, portal_ice_cave_entry_imps, basic_altar,
          bobbens_dragon_lair_wall
Lair:5:   layout_cave_pods, minmay_shattered_shrine, lemuel_fruit_fields
IceCv:    ice_cave_small_giant

Skill      XL: |  1  2  3  4  5  6  7  8  9 10 11 12 13 |
---------------+----------------------------------------+-----
Short Blades   | 3 4 5 6 9 10 | 10.0
Dodging        | 2 3 4 5 6 8 10 | 10.9
Fighting       | 3 4 5 6 8 10 | 10.0
Stealth        | 8 10 12 14 15 | 15.0
Evocations     | 4 5 |  5.0
Throwing       | 4 6 7 |  7.6

Action                   |  1- 3 |  4- 6 |  7- 9 | 10-12 | 13-15 || total
-------------------------+-------+-------+-------+-------+-------++-------
Melee: Dagger            |    97 |    96 |   221 |   717 |   143 ||  1274
       Tentacles         |    13 |    15 |    82 |   270 |    68 ||   448
       Constrict         |    22 |    19 |    21 |    58 |     6 ||   126
Throw: Dart              |       |     6 |     7 |    83 |     6 ||   102
       Boomerang         |       |       |       |     5 |       ||     5
Invok: Call Merchant     |       |       |       |     1 |       ||     1
       Potion Petition   |       |       |       |     1 |     3 ||     4
Evoke: Wand              |       |       |     2 |    10 |     2 ||    14
  Use: Scroll            |     6 |     2 |     5 |     7 |       ||    20
       Potion            |       |       |       |       |     3 ||     3
 Stab: Sleeping          |    10 |    18 |    14 |    37 |     1 ||    80
       Distracted        |       |     2 |       |     7 |     1 ||    10
       Invisible         |       |       |       |     2 |     1 ||     3
       Paralysed         |       |       |       |     1 |       ||     1
Armor: Skin              |     3 |    12 |    15 |    29 |    17 ||    76
Dodge: Dodged            |    36 |    55 |    65 |   345 |   130 ||   631
Block: Other             |    15 |    21 |    28 |     1 |       ||    65
       Reflection        |     1 |     1 |     1 |       |       ||     3
